 Dungeon Crawl Stone Soup version 0.25.1-2-g60ff931df9 (webtiles) character file.

Game seed: 9882531194977029566

24581 Inchmeat the Severer (level 13, -7/122 HPs)
             Began as a Hill Orc Fighter on Nov 10, 2020.
             Was a High Priest of Zin.
             Mangled by an ettin
             ... wielding a +0 dire flail
              (29 damage)
             ... on level 13 of the Dungeon.
             The game lasted 00:31:55 (24400 turns).

Inchmeat the Severer (Hill Orc Fighter)            Turns: 24400, Time: 00:31:56

Health: -7/122     AC: 15    Str: 30    XL:     13   Next: 14%
Magic:  20/20      EV: 10    Int: 11    God:    Zin [*****.]
Gold:   486        SH:  0    Dex: 10    Spells: 12/12 levels left

rFire    . . .     SeeInvis +   A - +0 battleaxe
rCold    + . .     Gourm    .   (shield currently unavailable)
rNeg     . . .     Faith    .   y - +3 scale mail of the Eternal Void {rC+ MR+ Str+3}
rPois    .         Spirit   .   C - +2 hat {MR+}
rElec    .         Reflect  .   a - +0 cloak
rCorr    .         Harm     .   l - +0 pair of gloves
MR       ++...                  v - +0 pair of boots of Music {Str+3 Int+3}
Stlth    ..........             (no amulet)
HPRegen  0.30/turn              h - ring of see invisible
MPRegen  0.17/turn              (no ring)

@: about to teleport, studying Shields
A: no striking features
a: Recite, Vitalisation, Imprison, Sanctuary, Donate Gold, Renounce Religion


You were on level 13 of the Dungeon.
You worshipped Zin.
Zin was extremely pleased with you.
You were not hungry.

You visited 2 branches of the dungeon, and saw 14 of its levels.
You also visited: Sewer and Ossuary.

You collected 860 gold pieces.
You spent 288 gold pieces at shops.
You donated 86 gold pieces to Zin.

Inventory:

Hand Weapons
 b - the +10 broad axe of Menibbag {vamp, rElec Str-3 Int+4}
   (You found it on level 13 of the Dungeon)

   It inflicts no extra harm, but heals its wielder when it wounds a living foe.
   It affects your strength (-3).
   It affects your intelligence (+4).
   It insulates you from electricity.
   Zin disapproves of the use of such an item.
 A - a +0 battleaxe (weapon)
 D - a +0 shortbow
 H - a +2 morningstar of protection
Missiles
 g - 445 arrows
 j - 123 bolts
Armour
 a - a +0 cloak (worn)
 l - a +0 pair of gloves (worn)
 v - the +0 pair of boots of Music (worn) {Str+3 Int+3}
   (You found it on level 5 of the Dungeon)

   It affects your strength (+3).
   It affects your intelligence (+3).
 y - the +3 scale mail of the Eternal Void (worn) {rC+ MR+ Str+3}
   (You bought it in a shop on level 4 of the Dungeon)

   It affects your strength (+3).
   It protects you from cold.
   It affects your resistance to hostile enchantments.
 C - a +2 hat of magic resistance (worn)
 J - a +1 pair of boots
Jewellery
 h - a ring of see invisible (left hand)
 s - an uncursed ring of magical power
 G - an uncursed amulet of guardian spirit {unknown}
Wands
 p - a wand of iceblast (19)
Scrolls
 c - 11 scrolls of teleportation
 e - 2 scrolls of enchant armour
 k - 8 scrolls of remove curse {@r2}
 o - a scroll of fear
 u - 4 scrolls of fog
 z - 2 scrolls of magic mapping
 K - 3 scrolls of silence
Potions
 d - a potion of invisibility
 i - a potion of brilliance
 m - 3 potions of mutation {unknown}
 n - 4 potions of curing {unknown}
 q - 3 potions of haste
 r - 3 potions of lignification
 t - 2 potions of flight
 x - a potion of heal wounds
 B - a potion of magic {unknown}
 E - 2 potions of stabbing {unknown}
 I - a potion of ambrosia {unknown}
Books
 w - a manual of Shields
Comestibles
 f - 11 rations


   Skills:
 * Level 13.5 Fighting
 - Level 20.0 Axes
 + Level 0.7(11.7) Maces & Flails
 + Level 3.4 Armour
 - Level 3.2 Shields
 - Level 10.3 Invocations


You had 12 spell levels left.
You didn't know any spells.
Your spell library contained the following spells:

 Spells                   Type           Power        Failure   Level  Hunger
 Freeze                   Ice            #...         58%         1    ##.....
 Magic Dart               Conj           #...         58%         1    ##.....
 Sandblast                Erth           #.....       58%         1    ##.....
 Summon Butterflies       Summ           #.......     58%         1    ##.....
 Blink                    Tloc           N/A          73%         2    ###....
 Call Imp                 Summ           #.......     73%         2    ###....
 Passwall                 Tmut/Erth      #.......     73%         2    ###....
 Slow                     Hex            #.......     73%         2    ###....
 Call Canine Familiar     Summ           #.......     91%         3    ####...
 Confusing Touch          Hex            #.......     91%         3    ####...
 Conjure Flame            Conj/Fire      #.......     91%         3    ####...
 Frozen Ramparts          Ice            #.....       91%         3    ####...
 Gell's Gravitas          Tloc           #.........   91%         3    ####...
 Mephitic Cloud           Conj/Pois/Air  #.......     91%         3    ####...
 Ozocubu's Armour         Chrm/Ice       #.......     91%         3    ####...
 Recall                   Summ/Tloc      N/A          91%         3    ####...
 Stone Arrow              Conj/Erth      #.....       91%         3    ####...
 Hailstorm                Conj/Ice       #.......     100%        4    #####..
 Petrify                  Tmut/Erth      #.......     100%        4    #####..
 Summon Ice Beast         Ice/Summ       #.......     100%        4    #####..
 Aura of Abjuration       Summ           #.........   100%        5    ######.
 Lee's Rapid Deconstruct  Erth           #.........   100%        5    ######.
 Metabolic Englaciation   Hex/Ice        #.........   100%        5    ######.
 Summon Demon             Summ           #.........   100%        5    ######.
 Summon Forest            Summ/Tloc      #.........   100%        5    ######.
 Summon Mana Viper        Hex/Summ       #.......     100%        5    ######.
 Yara's Violent Unravell  Hex/Tmut       #.........   100%        5    ######.
 Shadow Creatures         Summ           N/A          100%        6    #######
 Summon Hydra             Summ           #.........   100%        7    #######


Dungeon Overview and Level Annotations

Branches:
Dungeon (13/15)            Temple (1/1) D:4            Lair (0/6) D:8
    Orc (0/2) D:9           Sewer (visited)         Ossuary (visited)
 Vaults: D:13-14

Altars:
Ashenzari
Cheibriados
Dithmenos
Elyvilon
Fedhas
Gozag
Hepliaklqana
Kikubaaqudgha
Makhleb
Nemelex Xobeh
Okawaru
Qazlal
Ru
Sif Muna
Trog
Uskayaw
Vehumet
Wu Jian
Xom
Yredelemnul
Zin
The Shining One
Beogh

Shops:
D:4 [

Annotations:
D:13 1 runed translucent door


Message History

Yer Axes skill increases ta level 20!
Ye need ta en'ble at least 'un skill fer trainin'.
Thar be an op'n door 'ere.
Ye see 'ere a +0 scimitar.
Thar be an op'n door 'ere.
Ye see 'ere a +0 scimitar.
Ye op'n tha door.
A yaktaur captain an' an ettin come inta view.
Tha yaktaur captain shouts!
Tha ettin shouts in stereo!
Tha yaktaur captain wields a +0 arbalest.
Tha yaktaur captain shoots a bolt.
Tha bolt hits ye!!
Found 13 gold pieces.
As ye read tha scroll o' teleportation, it crumbles ta dust.
Ye feel strangely unst'ble.
Tha ettin hits ye wit' a +0 dire flail!! x2
* * * LOW HITPOINT WARNIN'
* * * Unknown command.
Tha ettin misses ye.
Tha ettin hits ye wit' a +0 dire flail!!
Ye die...

#..##########.#####...
#..'..#..#..#.........
#..#..'..'..#.........
#..#######+##.........
#..#..+ #.........#..
#..#.$# #..#..#####..
#..##c####'##..# #..
#..#C().8'..#..#####..
#..#.@#8.#..#.........
#..##########.........
#.....................
#.>.........##########
#...........#
#...........##########
#.....................
#.^................###
#..................#..


You could see a yaktaur captain and an ettin.

Vanquished Creatures
  Gastronok (D:9)
  Harold (D:9)
  A hydra (D:13)
  3 two-headed ogres
  A centaur warrior (D:10)
  A deep troll earth mage (D:13)
  The ghost of jfcaron the Tainter, a novice NaVM of the Shining One (D:8)
  A skeletal warrior (D:13)
  2 unseen horrors
  The ghost of Matchingsocks the Fighter, a novice MiMo (D:5)
  Pikel (D:5)
  4 ugly things
  3 cyclopes
  Maurice (D:11)
  Psyche (D:11)
  A gargoyle (D:13)
  A komodo dragon (D:13)
  4 polar bears
  2 trolls
  A merfolk (D:10)
  2 hippogriffs
  2 hornets
  A wraith (D:13)
  A shadow (D:13)
  2 spriggans (D:8)
  2 wyverns
  6 yaks (D:10)
  A steam dragon (D:9)
  Menkaure (D:5)
  3 hungry ghosts
  3 acid dragons
  3 orc warriors
  3 ice beasts
  2 necrophages
  4 sky beasts
  A black bear (D:8)
  A boggart (D:13)
  A slave (D:5)
  4 ogres
  9 centaurs
  2 big kobolds
  An elf zombie (Ossuary)
  8 bullfrogs
  A wyvern zombie (D:10)
  5 scorpions
  A hornet simulacrum (D:13)
  13 wights
  3 killer bees (D:11)
  A howler monkey (D:5)
  A centaur zombie (Ossuary)
  2 jellies
  A bullfrog zombie (D:13)
  8 crimson imps
  2 human zombies (Ossuary)
  A quasit (D:9)
  7 orc priests
  3 bullfrog skeletons
  4 centaur skeletons
  10 hounds
  11 orc wizards
  7 iguanas
  Natasha (thrice) (D:2)
  7 worker ants
  A big kobold zombie (Ossuary)
  3 hound zombies
  3 mummies (Ossuary)
  2 howler monkey zombies (D:5)
  3 worker ant zombies
  15 adders
  2 howler monkey skeletons (D:5)
  A river rat (D:6)
  A shadow imp (D:12)
  5 adder zombies
  An adder skeleton (D:5)
  3 worms
  A dart slug (D:1)
  6 leopard geckos
  32 orcs
  9 giant cockroaches
  11 goblins
  12 hobgoblins
  8 jackals (Sewer)
  16 kobolds
  4 quokkas
  8 ball pythons
  A ball python skeleton (D:4)
  5 bats
  10 frilled lizards
  A gnoll zombie (Ossuary)
  6 goblin zombies (Ossuary)
  A hobgoblin zombie (Ossuary)
  A jackal skeleton (D:4)
  6 jackal zombies (Ossuary)
  2 kobold zombies (Ossuary)
  A leopard gecko skeleton (D:4)
  A leopard gecko zombie (D:5)
  An orc zombie (Ossuary)
  2 quokka zombies (Ossuary)
  9 rats
  4 rat zombies (Ossuary)
  5 plants (Sewer)
389 creatures vanquished.

Vanquished Creatures (others)
  A hobgoblin (D:3)
  A rat (D:3)
  3 plants (D:8)
5 creatures vanquished.

Grand Total: 394 creatures vanquished

Notes
Turn   | Place    | Note
-------+----------+-------------------------------------------
     0 | D:1      | Inchmeat the Hill Orc Fighter began the quest for the Orb.
     0 | D:1      | Reached XP level 1. HP: 19/19 MP: 1/1
    67 | D:1      | Reached skill level 3 in Axes
   143 | D:1      | Reached XP level 2. HP: 12/26 MP: 2/2
   446 | D:1      | Reached skill level 4 in Axes
   750 | D:1      | Reached XP level 3. HP: 31/31 MP: 3/3
  1317 | D:2      | Reached skill level 5 in Axes
  1373 | D:2      | Noticed Natasha
  1382 | D:2      | Killed Natasha
  1382 | D:2      | Reached XP level 4. HP: 26/39 MP: 4/4
  1595 | D:2      | Noticed Natasha
  1606 | D:2      | Reached skill level 6 in Axes
  1608 | D:2      | Killed Natasha
  2011 | D:2      | Reached XP level 5. HP: 39/45 MP: 5/5
  2617 | D:2      | Noticed Natasha
  2635 | D:2      | Killed Natasha
  2635 | D:2      | Reached skill level 7 in Axes
  3716 | D:3      | Found a faded altar of an unknown god.
  4968 | D:4      | Found a sand-covered staircase.
  4982 | Ossuary  | Entered an ossuary
  5003 | Ossuary  | Reached skill level 8 in Axes
  5003 | Ossuary  | Reached XP level 6. HP: 49/51 MP: 6/6
  5205 | Ossuary  | Reached skill level 9 in Axes
  5779 | Ossuary  | Reached XP level 7. HP: 57/57 MP: 7/7
  5870 | D:4      | Reached skill level 10 in Axes
  6287 | D:4      | Found an iron altar of Okawaru.
  6639 | D:4      | Found Koluesha's Antique Armour Emporium.
  7010 | D:4      | Found a staircase to the Ecumenical Temple.
  7024 | Temple   | Entered the Ecumenical Temple
  7078 | Temple   | Became a worshipper of the Shining One
  7123 | Temple   | Fell from the grace of the Shining One
  7123 | Temple   | Became a worshipper of Zin the Law-Giver
  7123 | Temple   | Reached * piety under Zin
  7181 | D:5      | Entered Level 5 of the Dungeon
  7217 | D:5      | Reached skill level 11 in Axes
  7427 | D:5      | Found a runed translucent door.
  7430 | D:5      | Noticed Matchingsocks's ghost (novice MiMo)
  7482 | D:5      | Killed Matchingsocks's ghost
  7482 | D:5      | Reached skill level 12 in Axes
  7482 | D:5      | Reached XP level 8. HP: 26/64 MP: 8/8
  7845 | D:5      | Reached skill level 13 in Axes
  8028 | D:5      | Noticed Pikel
  8053 | D:5      | Killed Pikel
  8053 | D:5      | Reached skill level 14 in Axes
  8053 | D:5      | Reached XP level 9. HP: 20/70 MP: 9/9
  8314 | D:5      | Reached ** piety under Zin
  8474 | D:5      | Noticed Menkaure
  8479 | D:5      | Killed Menkaure
  9006 | D:5      | Got a pair of smoking boots
  9085 | D:4      | Bought an ichor-stained scale mail for 288 gold pieces
  9095 | D:4      | Identified the +3 scale mail of the Eternal Void {rC+ MR+
                  | Str+3} (You bought it in a shop on level 4 of the Dungeon)
  9100 | D:4      | Identified the cursed +0 pair of boots of Music {Str+3
                  | Int+3} (You found it on level 5 of the Dungeon)
  9136 | D:6      | Reached skill level 15 in Axes
  9157 | D:6      | Found a snail-covered altar of Cheibriados.
  9454 | D:6      | Found a glowing drain.
  9459 | Sewer    | Entered a sewer
 10732 | D:6      | Reached skill level 16 in Axes
 10907 | D:6      | Reached skill level 1 in Invocations
 11547 | D:7      | Noticed a hornet
 11552 | D:7      | Reached skill level 5 in Fighting
 11553 | D:7      | Killed a hornet
 11553 | D:7      | Reached XP level 10. HP: 82/83 MP: 10/12
 11557 | D:7      | Noticed an unseen horror
 11571 | D:7      | Killed an unseen horror
 12325 | D:8      | Reached skill level 5 in Invocations
 12739 | D:8      | Found a staircase to the Lair.
 13522 | D:8      | Found a runed translucent door.
 13522 | D:8      | Noticed jfcaron's ghost (novice NaVM)
 13537 | D:8      | Identified the +4 spear of Modesty {drain, Dex+6}
 13577 | D:8      | Killed jfcaron's ghost
 13893 | D:8      | Reached skill level 10 in Fighting
 14398 | D:9      | Noticed Gastronok
 14415 | D:9      | Killed Gastronok
 14415 | D:9      | Reached XP level 11. HP: 40/102 MP: 15/17
 14833 | D:9      | Noticed Harold
 14855 | D:9      | Killed Harold
 15007 | D:9      | Found a staircase to the Orcish Mines.
 15014 | D:9      | Reached *** piety under Zin
 15355 | D:9      | Found a roughly hewn altar of Beogh.
 15698 | D:9      | Noticed a two-headed ogre
 15707 | D:9      | Killed a two-headed ogre
 16028 | D:10     | Entered Level 10 of the Dungeon
 16062 | D:10     | Noticed a red ugly thing
 16083 | D:10     | Killed a red ugly thing
 16841 | D:10     | Paralysed by a hornet for 1 turns
 17217 | D:10     | Noticed a centaur warrior
 17384 | D:10     | Killed a centaur warrior
 17760 | D:10     | Reached skill level 10 in Invocations
 17900 | D:10     | Reached **** piety under Zin
 18335 | D:11     | Reached XP level 12. HP: 115/115 MP: 19/19
 18365 | D:11     | Noticed a two-headed ogre
 18698 | D:9      | Killed a two-headed ogre
 19520 | D:11     | Noticed Maurice
 19526 | D:11     | Killed Maurice
 19526 | D:11     | Reached skill level 17 in Axes
 20184 | D:11     | Noticed Psyche
 20199 | D:11     | Killed Psyche
 21061 | D:12     | Found a bloodstained altar of Trog.
 21483 | D:12     | Noticed a two-headed ogre
 21895 | D:12     | Killed a two-headed ogre
 21895 | D:12     | Reached skill level 18 in Axes
 22724 | D:13     | Reached ***** piety under Zin
 22731 | D:13     | Found a runed translucent door.
 22731 | D:13     | Noticed an eight-headed hydra
 22732 | D:13     | Noticed a deep troll earth mage
 22775 | D:13     | Killed an eight-headed hydra
 22779 | D:13     | Killed a deep troll earth mage
 22779 | D:13     | Reached skill level 19 in Axes
 23326 | D:13     | Got a buzzing broad axe
 23327 | D:13     | Identified the +10 broad axe of Menibbag {vamp, rElec Str-3
                  | Int+4} (You found it on level 13 of the Dungeon)
 23595 | D:13     | Reached XP level 13. HP: 91/122 MP: 20/20
 24392 | D:13     | Reached skill level 20 in Axes
 24397 | D:13     | Noticed a yaktaur captain
 24397 | D:13     | Noticed an ettin
 24400 | D:13     | Mangled by an ettin

Illustrated notes

Levels and vault maps discovered:
D:1:      mrwooster_arrival_statue, layout_loops_ring, minmay_tetromino_i2
D:2:      layout_rooms, st_stairs_7, uniq_natasha
D:3:      layout_basic, chequers_ecumenical_altar_simple_redux,
          lemuel_flame_loot_1
D:4:      layout_loops_cross, temple_hall, enter_ossuary_2, serial_shops,
          kennysheep_mini_moat, okawaru_ov_weapons_minmay
D:5:      layout_gridville, first_ration, ebering_ghost_sewer_d, uniq_pikel,
          uniq_menkaure
D:6:      layout_loops_ring, nicolae_overflow_crystal_walls,
          gup_sewer_entry_bowl, kennysheep_generic_room_5
D:7:      layout_cave_pools, minmay_manual_mail
D:8:      layout_layer_cave, dpeg_oklobed_lair, ebering_ghost_funeral_grove
D:9:      layout_basic, minmay_orc_entry_temple_small, uniq_gastronok,
          uniq_harold
D:10:     layout_rooms, hangedman_fish_farm
D:11:     layout_roguey, st_stairs_13, uniq_maurice, uniq_psyche
D:12:     layout_basic, trog_ov_bears_minmay
D:13:     minmay_s_stair_smasher, layout_small_grid, minivault_13
Temple:   dpeg_three_leaves_temple

Skill      XL: |  1  2  3  4  5  6  7  8  9 10 11 12 13 |
---------------+----------------------------------------+-----
Axes           | 3 4 5 6 8 9 12 14 16 19 20 | 20.0
Fighting       | 5 11 13 | 13.5
Invocations    | 3 8 10 | 10.3
Maces & Flails | |  0.7
Armour         | |  3.4
Shields        | |  3.2

Action                   |  1- 3 |  4- 6 |  7- 9 | 10-12 | 13-15 || total
-------------------------+-------+-------+-------+-------+-------++-------
Melee: War axe           |   118 |   260 |   340 |   335 |       ||  1053
       Battleaxe         |       |       |       |   269 |    54 ||   323
       Morningstar       |       |       |       |     8 |       ||     8
Throw: Throwing net      |       |       |     4 |     4 |       ||     8
Invok: Recite            |       |       |     1 |     7 |       ||     8
       Vitalisation      |       |       |       |     4 |       ||     4
       Imprison          |       |       |       |     1 |       ||     1
Evoke: Wand              |       |       |       |     8 |       ||     8
  Use: Potion            |       |     1 |     1 |     4 |       ||     6
       Scroll            |       |     9 |    11 |     9 |     1 ||    30
 Stab: Confused          |       |       |     2 |       |       ||     2
       Held in net/web   |       |       |     1 |     1 |       ||     2
       Invisible         |       |       |       |     2 |       ||     2
  Eat: Chunk             |     2 |     9 |     9 |    20 |     2 ||    42
       Ration            |       |     2 |     2 |     7 |       ||    11
Armor: Scale mail        |    66 |   113 |   124 |   305 |    16 ||   624
Dodge: Dodged            |    86 |   107 |   120 |   335 |    14 ||   662
